 Dungeon Crawl Stone Soup version 0.21-a0-225-g207ae17 (webtiles) character file.

105 Anemos the Vexing (level 4, -1/21 HPs)
             Began as a Spriggan Enchanter on Aug 30, 2017.
             Slain by a worm (9 damage)
             ... on level 2 of the Dungeon.
             The game lasted 00:08:09 (4016 turns).

Anemos the Vexing (Spriggan Enchanter)              Turns: 4016, Time: 00:08:10

Health: -1/21      AC:  3    Str:  4    XL:     4   Next: 53%
Magic:  3/11       EV: 18    Int: 17    God:
Gold:   94         SH:  0    Dex: 16    Spells: 3/12 levels left

rFire    . . .     SeeInvis +   a - +1 dagger
rCold    . . .     Gourm    .   (shield restricted)
rNeg     . . .     Faith    .   b - +1 robe
rPois    .         Spirit   .   (helmet restricted)
rElec    .         Reflect  .   (no cloak)
rCorr    .         Harm     .   (gloves unavailable)
MR       .....                  (boots unavailable)
Stlth    +++.......             (no amulet)
HPRegen  0.07/turn              (no ring)
MPRegen  0.12/turn              (no ring)

@: very slightly contaminated, very quick
A: unfitting armour, see invisible, herbivore 3, speed 3, slow metabolism 2
a: no special abilities


You were on level 2 of the Dungeon.
You were full.

You visited 1 branch of the dungeon, and saw 3 of its levels.

You collected 94 gold pieces.

Inventory:

Hand Weapons
 a - a +1 dagger (weapon)
Armour
 b - a +1 robe (worn)
Scrolls
 f - 2 scrolls of teleportation
 j - a scroll of enchant weapon {unknown}
Potions
 e - 2 potions of agility
 g - a potion of flight
 h - a potion of cancellation {unknown}
 i - 3 potions of brilliance {unknown}
Books
 c - a book of Maledictions

   Spells                             Type                      Level
   a - Corona                         Hexes                        1
   b - Ensorcelled Hibernation        Hexes/Ice                    2
   c - Confuse                        Hexes                        3
   d - Tukima's Dance                 Hexes                        3
   e - Dazzling Spray                 Conjuration/Hexes            3
Comestibles
 d - a bread ration


   Skills:
 - Level 1.1 Short Blades
 - Level 3.0 Dodging
 - Level 4.4 Stealth
 + Level 4.7 Spellcasting
 + Level 5.1 Hexes


You had 3 spell levels left.
You knew the following spells:

 Your Spells              Type           Power        Failure   Level  Hunger
a - Ensorcelled Hibernat  Hex/Ice        ##....       8%          2    #......
b - Corona                Hex            ###....      1%          1    None
c - Confuse               Hex            ###.....     5%          3    ###....
d - Tukima's Dance        Hex            ###.....     5%          3    ###....


Dungeon Overview and Level Annotations

Branches:
Dungeon (3/15)

Altars:

Annotations:
D:2 Jessica


Innate Abilities, Weirdness & Mutations

You are very small and have problems with some larger weapons.
You are too small for most types of armour.
You have supernaturally acute eyesight. (SInv)
You are a herbivore.
You cover ground extremely quickly.
You need consume almost no food.


Message History

There is a stone staircase leading down here.
Casting: Confuse
Confirm with . or Enter, or press ? or * to list all spells.
Aiming: Ensorcelled Hibernation
Press: ? - help, Shift-Dir - straight line, f/p - hobgoblin
Aim: a hobgoblin, wielding a club (heavily wounded, confused, chance to defeat MR: 61%)
You miscast Ensorcelled Hibernation.
You are very lightly contaminated with residual magic.
Nothing appears to happen.
Casting: Ensorcelled Hibernation
Confirm with . or Enter, or press ? or * to list all spells.
Aiming: Ensorcelled Hibernation
Press: ? - help, Shift-Dir - straight line, f - worm, p - hobgoblin
Aim: a worm (chance to defeat MR: 51%)
The worm looks drowsy...
The helpless worm fails to defend itself.
You puncture the worm!
The worm is almost dead.
The worm bites you!
You die...

# # ###### ########....######
'......'.....†).># # #
######S#....####@# .#.# ..#
#.#....####w#######...##
#+####.#....##..<.....[......
.......#....##....$...h......
.......#....##...g...........
.......#....##...............
.......#....#######..$.......
.......# #.......... .......#
###########


You could see a worm and a hobgoblin (confused).

Vanquished Creatures
  6 adders (D:2)
  A worm (D:2)
  3 leopard geckos (D:1)
  A ball python (D:1)
  2 giant cockroaches (D:2)
  6 goblins
  4 hobgoblins
  5 jackals
  A quokka (D:2)
  A bat (D:1)
  2 frilled lizards
  9 kobolds
  3 rats (D:2)
44 creatures vanquished.

Vanquished Creatures (collateral kills)
  A goblin (D:1)
1 creature vanquished.

Vanquished Creatures (others)
  A dancing weapon (D:2)
1 creature vanquished.

Grand Total: 46 creatures vanquished

Notes
Turn   | Place    | Note
-------+----------+-------------------------------------------
     0 | D:1      | Anemos the Spriggan Enchanter began the quest for the Orb.
     0 | D:1      | Reached XP level 1. HP: 9/9 MP: 5/5
   212 | D:1      | Reached skill level 4 in Hexes
   238 | D:2      | Reached XP level 2. HP: 4/13 MP: 7/7
   245 | D:2      | Learned a level 2 spell: Ensorcelled Hibernation
   476 | D:2      | Noticed Jessica
  1777 | D:2      | Reached XP level 3. HP: 16/16 MP: 3/9
  1782 | D:2      | Learned a level 3 spell: Confuse
  1786 | D:2      | Learned a level 3 spell: Tukima's Dance
  3222 | D:2      | Reached XP level 4. HP: 21/21 MP: 3/11
  3780 | D:2      | Reached skill level 5 in Hexes
  4016 | D:2      | Slain by a worm

Vault maps used:
D:1:      dpeg_arrival_oval, minmay_misc_feat_nine_boxes
D:2:      roderic_lattice_a, minmay_small_reverse_x, uniq_jessica
D:3:      cheibrodos_thug_alley, first_bread

Skill      XL: |  1  2  3  4 |
---------------+-------------+-----
Spellcasting   | 3 4 |  4.7
Hexes          | 4 5 |  5.1
Short Blades   | |  1.1
Dodging        | |  3.0
Stealth        | |  4.4

Action                   |  1- 3 |  4- 6 || total
-------------------------+-------+-------++-------
Melee: Dagger            |    80 |    59 ||   139
 Cast: Corona            |     8 |     2 ||    10
       Ensorcelled Hiber |    24 |    13 ||    37
       Confuse           |     3 |     6 ||     9
       Tukima's Dance    |     1 |     1 ||     2
  Use: Scroll            |     7 |       ||     7
       Potion            |     1 |       ||     1
 Stab: Sleeping          |    20 |     6 ||    26
       Confused          |     2 |       ||     2
       Distracted        |     1 |       ||     1
  Eat: Fruit             |     2 |       ||     2
       Bread ration      |       |     1 ||     1
Armor: Robe              |    12 |     6 ||    18
Dodge: Dodged            |    68 |    57 ||   125

Table legend:
 A = Spawn XP
 B = Non-spawn XP
 C = Spawn XP percentage of total XP
 D = Spawn monster count
 E = Non-spawn monster count
 F = Spawn count percentage of total count
 G = Total turns spent on level
                    A         B        C        D         E        F      G
               +---------+---------+-------+---------+---------+-------+---------
         Total |      46 |     104 |  30.7 |      13 |      32 |  28.9 |  4016
               +---------+---------+-------+---------+---------+-------+---------
           D:1 |       7 |      26 |  21.2 |       4 |      14 |  22.2 |  1821
           D:2 |      38 |      78 |  32.8 |       8 |      18 |  30.8 |  1985
           D:3 |       1 |       0 | 100.0 |       1 |       0 | 100.0 |   210
               +---------+---------+-------+---------+---------+-------+---------
